Map: Apotheosis LE

Players

Gracz - Winner!

  • Race: Protoss Protoss
  • League: Silver

игорь

  • Race: Protoss Protoss

VOD

Have the link to the VOD?

Description

Time

  • Played on: Oct. 25, 2016, 12:46 p.m.
  • Length: 7:49
Show
View Real Time Build Order
Export as new Build Order

Gracz Protoss - Winner!

Build Orders:  

Get SALT Encoding   

  12  0:03  Probe (Chrono Boost)  
  13  0:16  Pylon  
  13  0:17  Probe (Chrono Boost)  
  14  0:29  Probe (Chrono Boost)  
  14  0:33  Assimilator  
  15  0:40  Probe (Chrono Boost)  
  16  0:44  Assimilator  
  16  0:50  Probe (Chrono Boost)  
  17  1:00  Gateway  
  17  1:17  Probe (Chrono Boost)  
  18  1:25  Gateway  
  18  1:35  Probe (Chrono Boost)  
  19  1:43  Pylon  
  19  1:48  Gateway  
  19  1:55  Cybernetics Core  
  19  2:02  Probe (Chrono Boost)  
  20  2:17  Probe (Chrono Boost)  
  20  2:18  Warp Gate  
  20  2:21  Gateway  
  21  2:35  Probe (Chrono Boost)  
  22  2:37  Stalker  
  22  2:43  Stalker  
  26  2:54  Probe (Chrono Boost)  
  26  2:56  Stalker  
  29  3:09  Stalker  
  31  4:02  Pylon  
  31  4:18  Stalker  
  31  4:20  Stalker x2  
  37  4:26  Unknown, Nexus  
  37  4:30  Probe (Chrono Boost)  
  37  4:31  Pylon  
  38  4:42  Probe (Chrono Boost)  
  39  5:00  Stalker x2  
  39  5:03  Stalker  
  39  5:06  Stalker  
  47  5:16  Pylon  
  48  5:36  Probe (Chrono Boost)  
  48  5:38  Unknown  
  48  5:41  Pylon  
  48  5:42  Adept x3  
  52  5:43  Adept  
  52  5:48  Probe (Chrono Boost)  
Show
View Real Time Build Order
Export as new Build Order

игорь Protoss 

Build Orders:  

Get SALT Encoding   

  12  0:01  Probe (Chrono Boost)  
  13  0:15  Pylon  
  13  0:25  Probe (Chrono Boost)  
  14  0:35  Forge  
  14  0:50  Gateway  
  14  0:52  Probe (Chrono Boost)  
  15  1:01  Assimilator  
  14  1:20  Probe (Chrono Boost)  
  15  1:38  Cybernetics Core  
  15  1:45  Probe (Chrono Boost)  
  16  1:52  Pylon  
  16  1:57  Pylon  
  16  2:01  Assimilator  
  16  2:03  Warp Gate  
  16  2:08  Gateway  
  16  2:12  Pylon  
  16  2:22  Probe (Chrono Boost)  
  17  2:35  Photon Cannon  
  17  2:41  Probe (Chrono Boost)  
  18  2:55  Mothership Core (Chrono Boost)  
  20  3:10  Photon Cannon  
  20  3:17  Gateway  
  20  3:21  Pylon  
  19  3:58  Unknown, Nexus  
  19  4:00  Pylon  
  19  4:19  Robotics Facility  
  19  4:26  Probe (Chrono Boost)  
  19  4:31  Adept  
  22  4:33  Adept  
  24  4:51  Twilight Council  
  24  4:57  Probe (Chrono Boost)  
  24  4:58  Adept  
  27  5:05  Observer  
  28  5:09  Unknown  
  28  5:20  Probe (Chrono Boost)  
  30  5:28  Gateway  
  30  5:30  Probe (Chrono Boost)  
  30  5:31  Probe (Chrono Boost)  
  31  5:40  Zealot  
  33  6:10  Adept  
  33  6:11  Adept  
  33  6:12  Adept  
  33  6:14  Immortal  
  26  6:26  Probe (Chrono Boost)  
  26  6:32  Dark Shrine  
  26  6:40  Adept x2  
  26  6:41  Adept  
  26  6:42  Adept  
  30  7:11  Pylon  
  19  7:28  Pylon  
Tags
 
Add a new tag
Caveats
  • Supply blocks, unpowered buildings, or Contaminate may cause inaccurate times.
  • Supply counts are checked every 10 seconds.